Map: Lightshade LE

Players

ViBE - Winner!

  • Race: Zerg Zerg
  • League: Diamond

Yengling

  • Race: Protoss Protoss
  • League: Gold

VOD

Have the link to the VOD?

Description

Time

  • Played on: April 10, 2021, 9:28 p.m.
  • Length: 14:25
Show
View Real Time Build Order
Export as new Build Order

ViBE Zerg - Winner!

Build Orders: Hatch First 

Get SALT Encoding   

  12  0:00  Drone  
  13  0:13  Overlord  
  13  0:19  Drone  
  14  0:32  Drone  
  14  0:33  Drone  
  16  0:45  Drone  
  17  0:55  Hatchery  
  16  0:59  Drone  
  16  1:02  Drone  
  18  1:13  Extractor  
  18  1:16  Spawning Pool  
  18  1:17  Drone  
  17  1:23  Drone  
  18  1:29  Drone  
  19  1:40  Overlord  
  19  1:52  Drone  
  20  2:03  Drone  
  20  2:05  Queen  
  20  2:07  Queen  
  25  2:12  Drone x2  
  27  2:17  Metabolic Boost  
  27  2:20  Drone  
  28  2:29  Drone x2  
  30  2:34  Overlord  
  30  2:41  Zergling x2  
  31  2:48  Queen  
  31  2:51  Zergling x2  
  34  2:52  Hatchery, Zergling x2  
  34  3:04  Drone  
  34  3:05  Drone  
  36  3:14  Overlord  
  36  3:21  Overlord  
  36  3:29  Overlord  
  36  3:31  Queen  
  38  3:34  Drone x5  
  43  3:46  Drone x2  
  45  3:57  Drone x7  
  52  4:17  Lair  
  52  4:23  Roach Warren  
  52  4:24  Drone x6  
  57  4:34  Zergling x8  
  57  4:35  Zergling x2  
  63  4:38  Drone x4  
  63  4:39  Overlord  
  63  4:40  Overlord x2  
  66  4:59  Drone x6  
  72  5:01  Drone  
  72  5:02  Drone x2  
  72  5:03  Drone x3  
  72  5:06  Extractor  
  77  5:07  Extractor x2  
  77  5:08  Extractor  
  77  5:09  Extractor  
  77  5:12  Drone  
  77  5:13  Drone x4  
  78  5:19  Drone x2  
  79  5:23  Hydralisk Den  
  79  5:25  Overlord x2  
  78  5:38  Drone  
  78  5:40  Drone x2  
  81  5:43  Roach  
  81  5:44  Roach x8  
  99  5:53  Overlord x3  
  99  5:58  Drone x2  
  99  6:00  Grooved Spines, Evolution Chamber x2  
  99  6:04  Glial Reconstitution  
  99  6:16  Drone  
  100  6:22  Overlord x3  
  100  6:28  Zerg Missile Weapons Level 1, Zerg Ground Armor Level 1  
  100  6:29  Hydralisk x3  
  100  6:30  Zergling x2  
  100  6:31  Zergling x12  
  100  6:32  Hatchery  
  112  6:42  Hydralisk  
  112  6:43  Hydralisk x3  
  120  6:50  Drone x4  
  124  7:01  Drone  
  124  7:02  Drone x2  
  127  7:11  Drone, Muscular Augments  
  127  7:12  Drone x11  
  139  7:18  Overlord  
  133  7:31  Hydralisk  
  133  7:32  Hydralisk x4  
  143  7:40  Drone  
  143  7:42  Infestation Pit  
  143  7:52  Extractor x2  
  143  7:54  Drone x4  
  143  7:55  Hydralisk x9  
  163  8:01  Hatchery  
  163  8:02  Overlord x2  
  163  8:03  Overlord x3  
  162  8:13  Hydralisk x3  
  168  8:32  Hydralisk  
  168  8:33  Hydralisk x13  
  196  8:40  Hydralisk  
  198  8:47  Hydralisk  
  200  8:57  Hive  
  200  9:03  Zerg Ground Armor Level 2, Zerg Missile Weapons Level 2  
  152  10:27  Hydralisk  
  152  10:28  Hydralisk x23  
  174  11:41  Hydralisk  
  174  11:42  Hydralisk  
  174  11:44  Hydralisk, Zergling x32  
  174  11:45  Hydralisk x2, Zergling x12  
  196  13:42  Hydralisk x4  
  196  13:43  Hydralisk x2  
Show
View Real Time Build Order
Export as new Build Order

Yengling Protoss 

Build Orders: 1 Gate Expand 

Get SALT Encoding   

  12  0:00  Probe  
  13  0:13  Probe  
  14  0:21  Pylon  
  14  0:25  Probe  
  15  0:39  Probe  
  15  0:41  Gateway  
  16  0:48  Assimilator  
  16  0:53  Probe  
  17  1:05  Probe  
  18  1:17  Probe  
  19  1:25  Nexus  
  19  1:29  Probe  
  20  1:39  Cybernetics Core  
  20  1:49  Probe  
  20  1:53  Assimilator  
  21  1:54  Pylon  
  21  2:02  Probe  
  22  2:15  Stalker  
  24  2:25  Stargate  
  24  2:38  Forge  
  24  2:41  Probe  
  25  2:45  Probe  
  26  2:53  Probe  
  26  2:57  Probe  
  28  3:05  Probe  
  29  3:09  Probe  
  29  3:12  Photon Cannon  
  30  3:13  Shield Battery, Void Ray  
  30  3:17  Probe  
  35  3:21  Probe  
  36  3:29  Probe  
  36  3:33  Probe, Assimilator  
  38  3:35  Assimilator  
  38  3:39  Warp Gate  
  38  3:41  Probe  
  38  3:45  Probe  
  40  3:50  Void Ray  
  40  3:51  Pylon  
  40  3:53  Probe  
  41  3:59  Probe  
  46  4:09  Probe  
  47  4:11  Probe  
  48  4:21  Probe  
  48  4:22  Pylon  
  48  4:23  Probe  
  50  4:32  Stargate  
  50  4:33  Probe  
  50  4:35  Probe  
  52  4:40  Robotics Facility  
  52  4:41  Robotics Facility  
  52  4:45  Probe  
  53  4:47  Gateway  
  53  4:48  Gateway  
  53  4:51  Gateway  
  53  4:54  Probe  
  53  4:57  Probe  
  55  5:18  Probe x2  
  57  5:22  Nexus  
  57  5:24  Pylon  
  57  5:26  Pylon  
  57  5:27  Void Ray  
  61  5:36  Void Ray  
  65  5:44  Pylon  
  65  5:48  Immortal (Chrono Boost)  
  65  5:51  Immortal (Chrono Boost)  
  73  6:00  Shield Battery  
  73  6:03  Photon Cannon  
  73  6:07  Photon Cannon  
  73  6:12  Photon Cannon  
  73  6:15  Shield Battery  
  73  6:20  Probe x2  
  75  6:29  Protoss Ground Weapons Level 1  
  75  6:33  Immortal  
  79  6:42  Photon Cannon  
  79  6:44  Protoss Air Weapons Level 1  
  79  6:46  Pylon  
  79  6:49  Photon Cannon  
  79  6:54  Probe x2  
  79  7:00  Probe  
  82  7:06  Probe  
  82  7:07  Probe, Stalker  
  82  7:08  Stalker x2  
  88  7:09  Stalker  
  88  7:13  Probe  
  93  7:18  Assimilator  
  93  7:22  Assimilator  
  93  7:31  Photon Cannon, Pylon  
  93  7:44  Probe  
  93  7:45  Probe x2  
  93  7:48  Immortal x2  
  93  7:51  Void Ray x2  
  112  7:59  Probe  
  112  8:02  Probe x2  
  115  8:10  Pylon  
  115  8:11  Probe, Pylon  
  116  8:16  Twilight Council  
  116  8:20  Pylon  
  116  8:23  Pylon  
  116  8:28  Immortal  
  120  8:34  Probe x2  
  120  8:35  Probe  
  123  8:46  Gateway x2  
  122  8:49  Gateway  
  122  9:04  Immortal  
  122  9:05  Stalker  
  122  9:06  Stalker x3  
  122  9:08  Charge (Chrono Boost)  
  134  9:10  Gateway  
  134  9:14  Immortal  
  125  9:40  Pylon  
  125  9:44  Stalker x3  
  125  9:45  Stalker x4  
  74  10:15  Stalker  
  74  10:16  Stalker x5  
  74  10:17  Stalker x2  
  74  10:21  Immortal (Chrono Boost)  
  94  10:42  Templar Archives, Immortal (Chrono Boost)  
  98  11:21  High Templar  
  98  11:22  High Templar x5, Nexus  
  110  11:27  Nexus  
  99  11:36  Archon x3  
Tags
 
Add a new tag
Caveats
  • Supply blocks, unpowered buildings, or Contaminate may cause inaccurate times.
  • Supply counts are checked every 10 seconds.